Map: Dusty Gorge

Players

Biff

  • Race: Protoss Protoss
  • League: Gold
  • Spawn Location: 11:00

wefwef

  • Race: Protoss Protoss
  • League: Platinum
  • Spawn Location: 9:00

Throwfordays - Winner!

  • Race: Protoss Protoss
  • League: Silver
  • Spawn Location: 5:00

Cthulhu - Winner!

  • Race: Zerg Zerg
  • Spawn Location: 3:00

VOD

Have the link to the VOD?

Description

Time

  • Played on: March 26, 2019, 9:38 p.m.
  • Length: 3:46
Show
View Real Time Build Order
Export as new Build Order

Biff Protoss 

Build Orders:  

Get SALT Encoding   

  12  0:02  Probe  
  13  0:14  Probe  
  14  0:22  Pylon  
  14  0:28  Probe  
  15  0:37  Probe  
  16  0:43  Gateway  
  16  0:49  Probe  
  17  1:01  Pylon, Probe  
  18  1:05  Assimilator  
  18  1:13  Probe  
  18  1:18  Gateway  
  19  1:31  Cybernetics Core  
  19  1:36  Zealot  
  21  1:48  Assimilator  
  21  2:18  Nexus, Probe  
  22  2:26  Probe  
  22  2:35  Stalker  
  22  2:36  Probe  
  22  2:37  Stalker  
  28  2:48  Probe  
  29  3:19  Stargate  
Show
View Real Time Build Order
Export as new Build Order

wefwef Protoss 

Build Orders:  

Get SALT Encoding   

  12  0:01  Probe  
  13  0:13  Probe  
  14  0:21  Pylon  
  14  0:25  Probe  
  15  0:38  Probe  
  15  0:41  Gateway  
  16  0:46  Assimilator, Probe  
  16  0:54  Probe  
  17  1:00  Assimilator  
  18  1:05  Probe  
  19  1:17  Probe  
  20  1:29  Gateway  
  20  1:30  Cybernetics Core  
  20  1:38  Probe  
  21  1:46  Probe  
  21  1:49  Pylon  
  22  1:59  Zealot  
  24  2:17  Adept  
  26  2:37  Zealot  
Show
View Real Time Build Order
Export as new Build Order

Throwfordays Protoss - Winner!

Build Orders:  

Get SALT Encoding   

  12  0:02  Probe  
  14  0:14  Probe  
  14  0:18  Pylon  
  14  0:36  Forge  
  14  0:48  Probe  
  15  0:58  Probe  
  16  1:11  Pylon  
  16  1:18  Pylon  
  16  1:30  Photon Cannon  
  15  1:43  Probe  
  16  1:51  Probe  
  17  2:16  Photon Cannon  
  17  2:18  Photon Cannon  
  17  2:22  Pylon  
  17  2:40  Photon Cannon  
  17  2:41  Photon Cannon  
  17  2:43  Photon Cannon  
  17  2:45  Pylon, Photon Cannon  
  17  2:46  Pylon  
  17  2:47  Pylon  
  17  2:51  Pylon  
  17  3:00  Photon Cannon  
  17  3:13  Pylon  
  17  3:25  Photon Cannon  
  17  3:27  Photon Cannon  
  17  3:40  Photon Cannon  
Show
View Real Time Build Order
Export as new Build Order

Cthulhu Zerg - Winner!

Build Orders: Pool First 

Get SALT Encoding   

  12  0:02  Drone  
  13  0:10  Drone  
  14  0:17  Extractor, Drone  
  15  0:27  Overlord  
  15  0:41  Spawning Pool  
  14  0:47  Drone x2  
  16  0:57  Extractor  
  16  1:00  Drone  
  16  1:01  Drone  
  17  1:31  Zergling x2  
  17  1:32  Zergling x4  
  20  1:44  Hatchery  
  19  1:52  Zergling x2  
  20  1:54  Drone  
  20  1:57  Metabolic Boost  
  21  2:08  Zergling x2  
  22  2:37  Overlord  
  20  2:59  Zergling x2, Drone  
  20  3:00  Zergling x4  
  23  3:25  Zergling x2  
  23  3:26  Zergling x6  
Tags
 
Add a new tag
Caveats
  • Supply blocks, unpowered buildings, or Contaminate may cause inaccurate times.
  • Supply counts are checked every 10 seconds.